 Dungeon Crawl Stone Soup version 0.16.1-4-g8e1b745 (webtiles) character file.

156 Helmschank the Poker (level 5, 0/41 HPs)
             Began as a Merfolk Air Elementalist on Mar 27, 2015.
             Slain by Natasha (3 damage)
             ... on level 3 of the Dungeon.
             The game lasted 00:17:14 (3416 turns).

Helmschank the Poker (Merfolk Air Elementalist)     Turns: 3416, Time: 00:17:14

Health: 0/41       AC:  3    Str: 14    XL:     5   Next: 37%
Magic:  9/9        EV: 14    Int: 14    God:
Gold:   104        SH:  0    Dex: 15    Spells: 1 memorised, 7 levels left

rFire  . . .     SeeInvis .     w - +1 halberd
rCold  . . .     Clarity  .     a - +1 robe
rNeg   + . .     SustAb   .     (no shield)
rPois  .         Gourm    .     (no helmet)
rElec  .         Spirit   .     (no cloak)
rCorr  .         Warding  +     (no gloves)
rMut   .         Stasis   .     (no boots)
MR     .....                    o - amulet of warding
Stlth  ++........               (no ring)
                                (no ring)

@: mighty, not resistant to hostile enchantments, unstealthy
A: change form in water, swift swim
a: no special abilities


You were on level 3 of the Dungeon.
You were not hungry.

You visited 1 branch of the dungeon, and saw 3 of its levels.

You collected 104 gold pieces.

Inventory:

Hand weapons
 e - a +0 blowgun
 f - a +0 dagger
 w - a +1 halberd (weapon)
Missiles
 g - 45 poisoned needles
 k - 4 poisoned javelins
 p - 4 tomahawks
 r - 2 javelins (quivered)
 U - 45 stones
Armour
 a - a +1 robe (worn)
 i - a cursed -2 ring mail
Jewellery
 o - an amulet of warding (around neck)
 t - an uncursed amulet of stasis
Magical devices
 h - a wand of flame (29)
Scrolls
 q - 3 scrolls of teleportation
 v - a scroll of remove curse
 y - a scroll of fear {unknown}
Potions
 j - a potion of lignification {unknown}
 m - 2 potions of might
 n - a potion of invisibility {unknown}
 s - a potion of curing {unknown}
 z - a potion of haste {unknown}
Books
 b - a book of Air

   Spells                             Type                      Level
   a - Shock                          Conjuration/Air              1
   b - Swiftness                      Charms/Air                   2
   c - Repel Missiles                 Charms/Air                   2
   d - Flight                         Charms/Air                   3
   e - Static Discharge               Conjuration/Air              3
   f - Lightning Bolt                 Conjuration/Air              5
Comestibles
 c - 2 bread rations
 d - 4 fruits
 l - a meat ration
 u - a slice of pizza
 x - 4 chunks of flesh


   Skills:
 - Level 3.4 Fighting
 + Level 4.1 Polearms
 + Level 3.8 Dodging
 - Level 2.1 Stealth
 - Level 2.0 Spellcasting
 - Level 0.7 Conjurations
 - Level 2.4 Air Magic


You had 7 spell levels left.
You knew the following spells:

 Your Spells              Type           Power        Failure   Level  Hunger
z - Shock                 Conj/Air       #...         14%         1    ##.....


Dungeon Overview and Level Annotations

Branches:
Dungeon (3/15)

Altars:

Annotations:
D:3 Natasha


Message History

You hit the ball python!
You kill the ball python!
Natasha gestures.
You have a terrible headache.
You completely miss Natasha.
The crimson imp disappears in a puff of smoke!
Natasha claws you.
* * * LOW HITPOINT WARNING * * *
You closely miss Natasha.
The crimson imp disappears in a puff of smoke!
Natasha claws you.
* * * LOW HITPOINT WARNING * * *
Natasha misses you.
Drink which item? (? for menu, Esc to quit)
Okay, then.
You closely miss Natasha.
Natasha stares at thin air and mumbles some strange words.
A cloud of flames roars to life!
You barely miss Natasha. Natasha claws you.
You die...

...#(# ####.#
......####....#
.#.#.........#
.h.#.........#
#..#.5.......#
#.S#.........#
#.$#...5.§..5#
#.[#.#######h#
#>#.# #@# #.#.#
#.# #...# #§#
##### #.# ##
#.# . ### #.#.#
..# #######.#.#
..# #.........#
..######
#.).......#####


You could see Natasha and a shadow imp.

Vanquished Creatures
  Natasha (D:3)
  A gnoll (D:1)
  5 adders
  4 worms (D:2)
  2 giant geckos
  An ooze (D:2)
  3 orcs (D:3)
  2 bats
  A giant cockroach (D:3)
  8 hobgoblins
  3 jackals (D:3)
  6 kobolds
  A ball python (D:3)
  2 giant newts (D:2)
  5 goblins
  5 rats
50 creatures vanquished.

Notes
Turn   | Place    | Note
--------------------------------------------------------------
     0 | D:1      | Helmschank, the Merfolk Air Elementalist, began the quest for the Orb.
     0 | D:1      | Reached XP level 1. HP: 13/13 MP: 3/3
   364 | D:2      | Reached skill level 1 in Fighting
   504 | D:1      | Reached XP level 2. HP: 13/22 MP: 2/4
  1076 | D:1      | Reached XP level 3. HP: 28/28 MP: 6/6
  1149 | D:1      | Reached skill level 1 in Polearms
  1549 | D:2      | Reached skill level 3 in Fighting
  1899 | D:2      | Reached XP level 4. HP: 31/35 MP: 3/7
  3158 | D:3      | Noticed Natasha
  3166 | D:3      | Killed Natasha
  3166 | D:3      | Reached XP level 5. HP: 38/41 MP: 9/9
  3207 | D:3      | Reached skill level 4 in Polearms
  3391 | D:3      | Noticed Natasha
  3414 | D:3      | HP: 2/41 [Natasha (5)]
  3416 | D:3      | Slain by Natasha

Action                   |  1- 3 |  4- 6 || total
-------------------------+-------+-------++-------
Melee: Unarmed           |     4 |       ||     4
       Dagger            |     5 |       ||     5
       Short sword       |    14 |    18 ||    32
       Halberd           |       |    83 ||    83
 Fire: Blowgun           |       |     2 ||     2
Throw: Javelin           |     7 |     6 ||    13
       Stone             |       |     2 ||     2
       Tomahawk          |       |     2 ||     2
 Cast: Shock             |    41 |    16 ||    57
  Use: Scroll            |     2 |     5 ||     7
       Potion            |       |     1 ||     1
 Stab: Sleeping          |     1 |     3 ||     4
  Eat: Chunk             |     3 |     6 ||     9
